 Dungeon Crawl Stone Soup version 0.18.1-50-g88ac8fd (webtiles) character file.

130 juanjsm the Sneak (level 4, -3/22 HPs)
             Began as a Spriggan Enchanter on Sept 14, 2016.
             Killed from afar by Thomus's ghost (10 damage)
             ... with a magic dart
             ... on level 3 of the Dungeon.
             The game lasted 00:06:30 (1715 turns).

juanjsm the Sneak (Spriggan Enchanter)              Turns: 1715, Time: 00:06:31

Health: -3/22      AC:  2    Str:  4    XL:     4   Next: 90%
Magic:  3/10       EV: 14    Int: 16    God:
Gold:   136        SH:  0    Dex: 17    Spells: 4 memorised, 1 level left

rFire  . . .     SeeInvis +     a - +1 dagger
rCold  . . .     Gourm    .     j - +0 robe (curse)
rNeg   . . .     Faith    .     (shield restricted)
rPois  .         Spirit   .     (helmet restricted)
rElec  .         Dismiss  +     (no cloak)
rCorr  .         Reflect  .     (gloves unavailable)
SustAt .         Harm     .     (boots unavailable)
MR     .....                    h - amulet of dismissal
Stlth  +++.......               (no ring)
                                (no ring)

@: very quick, not resistant to hostile enchantments, fairly stealthy
A: unfitting armour, see invisible, herbivore 3, speed 3, slow metabolism 2
a: no special abilities


You were on level 3 of the Dungeon.
You were hungry.

You visited 1 branch of the dungeon, and saw 3 of its levels.

You collected 136 gold pieces.

Inventory:

Hand Weapons
 a - a +1 dagger (weapon)
Armour
 b - a +1 robe
 j - a cursed +0 robe (worn)
Jewellery
 h - an amulet of dismissal (around neck)
Scrolls
 f - a scroll of enchant weapon {unknown}
 g - 2 scrolls of fear {unknown}
 m - a scroll of blinking {unknown}
 n - a scroll of recharging {unknown}
Potions
 e - 4 potions of mutation {unknown}
 i - a potion of lignification {unknown}
 k - a potion of beneficial mutation {unknown}
 l - a potion of haste {unknown}
 o - a potion of curing {unknown}
Books
 c - a book of Maledictions

   Spells                             Type                      Level
   a - Corona                         Hexes                        1
   b - Ensorcelled Hibernation        Hexes/Ice                    2
   c - Confuse                        Hexes                        3
   d - Tukima's Dance                 Hexes                        3
   e - Dazzling Spray                 Conjuration/Hexes            3
Comestibles
 d - a bread ration


   Skills:
 + Level 1.1 Fighting
 + Level 2.1 Short Blades
 + Level 4.1 Dodging
 + Level 5.3 Stealth
 + Level 3.6 Spellcasting
 + Level 4.3 Hexes


You had one spell level left.
You knew the following spells:

 Your Spells              Type           Power        Failure   Level  Hunger
a - Corona                Hex            ###....      3%          1    None
b - Ensorcelled Hibernat  Hex/Ice        #.....       12%         2    ##.....
c - Confuse               Hex            ###.....     12%         3    ###....
d - Dazzling Spray        Conj/Hex       #.....       21%         3    ###....


Dungeon Overview and Level Annotations

Branches:
Dungeon (3/15)

Altars:

Annotations:
D:3 Thomus's ghost, amateur DECj


Innate Abilities, Weirdness & Mutations

You are tiny and cannot use many weapons and most armour.
You have supernaturally acute eyesight.
You are a herbivore.
You cover ground extremely quickly.
You need consume almost no food.


Message History

You kill the jackal!
You hit the hobgoblin but do no damage. The hobgoblin closely misses you.
You hit the hobgoblin but do no damage. The hobgoblin completely misses you.
You hit the hobgoblin but do no damage. The hobgoblin barely misses you.
You hit the hobgoblin but do no damage.
Thomus's ghost screams, "Zot is a myth, the ORB is a fable, you'll soon be a tale!"
Thomus's ghost points at you and mumbles some strange words.
The magic dart hits you!
* * * LOW HITPOINT WARNING * * *
The hobgoblin misses you.
There are monsters nearby!
Found a ring mail.
The giant newt misses you.
You hit the giant newt.
You kill the giant newt!
The hobgoblin closely misses you.
There is a stone staircase leading up here.
Thomus's ghost gestures at you while chanting.
The magic dart hits you!
You die...

...### .................
....##
.....[..................
.....#..................
.....).... .......o....
........##.......oS...
#..............o....
#..........#........
##..@g........##..#..
........†............###
.........†............##
.....##.#...............
#....##......##.........
.............##.........
#.##..W.................
#. ........#............
........#............


You could see Thomus's ghost and a hobgoblin.

Vanquished Creatures
  6 adders (D:2)
  4 oozes
  A worm (D:2)
  A giant gecko (D:1)
  10 bats
  4 goblins (D:1)
  9 hobgoblins
  8 jackals
  2 giant newts
  6 kobolds
  9 rats
60 creatures vanquished.

Notes
Turn   | Place    | Note
--------------------------------------------------------------
     0 | D:1      | juanjsm the Spriggan Enchanter began the quest for the Orb.
     0 | D:1      | Reached XP level 1. HP: 9/9 MP: 5/5
   103 | D:1      | Reached XP level 2. HP: 11/13 MP: 5/7
   107 | D:1      | Learned a level 2 spell: Ensorcelled Hibernation
   306 | D:1      | Reached XP level 3. HP: 14/17 MP: 1/8
   597 | D:2      | Found a faded altar to an unknown god.
   834 | D:2      | Reached skill level 5 in Stealth
   834 | D:2      | Reached XP level 4. HP: 12/21 MP: 5/10
   839 | D:2      | Learned a level 3 spell: Confuse
   843 | D:2      | Learned a level 3 spell: Dazzling Spray
   905 | D:2      | Reached skill level 1 in Fighting
  1484 | D:3      | Noticed Thomus's ghost (amateur DECj)
  1715 | D:3      | Killed from afar by Thomus's ghost

Skill      XL: |  1  2  3  4 |
---------------+-------------+-----
Spellcasting   | 3 |  3.6
Short Blades   | 2 |  2.1
Stealth        | 5 |  5.3
Fighting       | 1 |  1.1
Hexes          | 4 |  4.3
Dodging        | 4 |  4.1

Action                   |  1- 3 |  4- 6 || total
-------------------------+-------+-------++-------
Melee: Dagger            |    92 |    68 ||   160
 Cast: Corona            |     2 |       ||     2
       Ensorcelled Hiber |    17 |    19 ||    36
 Stab: Sleeping          |    19 |    22 ||    41
       Distracted        |       |     1 ||     1
Armor: Robe              |    14 |     8 ||    22
Dodge: Dodged            |    92 |    70 ||   162
